Map: Doraelus Hills

Players

Evgen

  • Race: Terran Terran

Kovalskiy

  • Race: Zerg Zerg
  • League: Diamond

DoK

  • Race: Terran Terran

JohnMcClane - Winner!

  • Race: Protoss Protoss
  • League: Gold

Hindulaatti - Winner!

  • Race: Zerg Zerg
  • League: Diamond

JackONeill - Winner!

  • Race: Zerg Zerg

VOD

Have the link to the VOD?

Description

Time

  • Played on: Feb. 8, 2016, 12:19 p.m.
  • Length: 8:13
Show
View Real Time Build Order
Export as new Build Order

Evgen Terran 

Build Orders:  

Get SALT Encoding   

  12  0:02  SCV  
  13  0:16  SCV  
  14  0:25  Supply Depot  
  15  0:28  SCV  
  15  0:33  Refinery  
  15  0:46  SCV  
  15  0:48  Barracks  
  15  1:24  Barracks  
  15  1:25  Barracks  
  15  1:36  SCV  
  16  1:42  Supply Depot  
  16  1:49  SCV  
  16  1:51  Reaper  
  18  2:02  Orbital Command  
  18  2:12  Reaper  
  18  2:14  Reaper  
  20  2:22  Engineering Bay  
  20  2:24  Reaper  
  20  2:28  SCV  
  22  2:44  Reaper, SCV  
  24  3:01  Reaper  
  23  3:39  SCV  
  23  3:40  Marine x2  
  23  3:41  Marine  
  26  3:45  Factory  
  26  3:47  Missile Turret  
  26  3:53  SCV  
  27  3:58  Marine x3  
  26  4:07  Command Center  
  22  4:16  Marine x2  
  24  4:35  SCV  
  23  4:47  SCV  
  23  4:53  Factory Tech Lab  
  23  4:59  SCV  
  24  5:00  Refinery, Marine  
  25  5:11  SCV  
  25  5:13  Supply Depot, Marine  
  27  5:18  Planetary Fortress  
  27  5:21  Missile Turret  
  27  5:23  SCV  
  27  5:26  Marine  
  27  5:27  Marine  
  30  5:35  SCV  
  31  5:38  Supply Depot, Marine  
  32  5:44  Marine  
  32  5:47  Marine, SCV  
  35  5:52  Siege Tank  
  35  5:56  Marine  
  39  5:59  SCV  
  39  6:02  Marine  
  41  6:05  Marine  
  42  6:11  SCV  
  42  6:14  Marine  
  42  6:15  SCV  
  45  6:23  SCV  
  45  6:24  Siege Tank  
  49  6:27  SCV  
  50  6:36  SCV  
  50  6:39  SCV  
  52  6:48  SCV  
  52  6:51  SCV  
  54  7:00  SCV  
  36  7:16  Marine x3  
  36  7:18  Siege Tank  
  36  7:33  Marine  
  36  7:34  Marine x2  
  42  7:52  Marine x2  
  42  7:53  Marine  
Show
View Real Time Build Order
Export as new Build Order

Kovalskiy Zerg 

Build Orders: Hatch First 

Get SALT Encoding   

  12  0:01  Drone  
  13  0:08  Drone  
  14  0:21  Drone, Extractor  
  14  0:23  Drone, Extractor  
  16  0:32  Overlord  
  16  0:54  Drone  
  16  0:56  Drone  
  18  1:01  Extractor  
  18  1:03  Hatchery  
  16  1:08  Drone  
  16  1:09  Drone  
  18  1:20  Spawning Pool  
  17  1:29  Drone  
  17  1:30  Drone  
  19  1:38  Overlord  
  19  1:51  Drone  
  20  2:07  Queen  
  22  2:09  Metabolic Boost  
  22  2:13  Drone x2  
  22  2:15  Queen  
  26  2:25  Drone x2  
  28  2:34  Spore Crawler  
  27  2:37  Drone, Spore Crawler  
  27  2:38  Drone x2  
  27  2:44  Overlord  
  29  2:49  Drone  
  30  2:56  Zergling x2  
  30  2:58  Overlord  
  31  3:04  Zergling x2  
  32  3:10  Zergling x2  
  33  3:15  Zergling x2  
  33  3:18  Drone x2  
  36  3:24  Lair  
  36  3:25  Drone x4  
  40  3:28  Zergling x4  
  42  3:35  Zergling x2  
  43  3:41  Zergling x2  
  43  3:45  Extractor  
  43  3:47  Drone  
  44  3:48  Extractor  
  44  3:52  Drone x3, Roach Warren  
  44  3:53  Drone  
  46  3:58  Drone x3  
  49  4:14  Drone x3  
  52  4:17  Overlord  
  52  4:25  Overlord x4  
  52  4:36  Roach  
  54  4:38  Glial Reconstitution  
  54  4:41  Drone x3  
  57  4:49  Roach  
  59  4:58  Evolution Chamber  
  59  4:59  Evolution Chamber  
  57  5:01  Drone x4  
  57  5:04  Roach, Extractor  
  57  5:05  Roach x3  
  68  5:10  Overlord  
  68  5:18  Roach x2  
  72  5:24  Zerg Missile Weapons Level 1  
  72  5:28  Zerg Ground Armor Level 1  
  72  5:32  Roach x3  
  72  5:33  Roach x2  
  72  5:34  Zergling x2  
  83  5:38  Ravager  
  83  5:39  Ravager x2  
  83  5:42  Ravager  
  87  5:45  Zergling x6  
  87  5:46  Zergling x2  
  91  6:05  Roach x4  
  91  6:08  Overlord x4  
  99  6:15  Tunneling Claws  
  99  6:18  Burrow  
  99  6:21  Overlord  
  99  6:22  Overlord  
  99  6:30  Roach x2  
  99  6:31  Roach x2  
  107  6:35  Roach x2  
  111  7:02  Roach x6  
  111  7:03  Roach  
  112  7:15  Roach  
  112  7:16  Roach x5  
Show
View Real Time Build Order
Export as new Build Order

DoK Terran 

Build Orders:  

Get SALT Encoding   

  12  0:02  SCV  
  13  0:14  SCV  
  14  0:26  SCV  
  15  0:37  Supply Depot, Refinery  
  15  1:02  Barracks  
  15  1:10  SCV  
  16  1:21  Barracks  
  16  1:23  SCV  
  17  1:26  Supply Depot  
  17  1:35  SCV  
  18  1:47  SCV  
  18  1:53  Engineering Bay  
  20  1:54  Reaper  
  20  1:59  SCV  
  21  2:11  Reaper  
  22  2:18  Supply Depot  
  22  2:19  Orbital Command  
  22  2:22  Missile Turret  
  22  2:30  Reaper  
  23  2:43  Reaper  
  21  3:29  Command Center  
  21  3:36  Factory  
  21  3:40  Refinery, Barracks, Terran Infantry Weapons Level 1  
  21  3:43  SCV, Barracks  
  21  3:47  Marine  
  22  3:50  Marine  
  23  4:15  SCV  
  24  4:20  Factory Tech Lab  
  24  4:22  Barracks Tech Lab, Barracks Reactor  
  24  4:27  SCV  
  24  4:29  Barracks Tech Lab  
  25  4:46  SCV  
  25  4:47  Command Center  
  25  4:49  Barracks Reactor  
  25  4:51  SCV  
  27  4:53  Marauder, Missile Turret  
  27  4:58  SCV  
  30  5:06  Marine x2  
  32  5:10  SCV  
  33  5:15  Marauder  
  35  5:22  SCV  
  35  5:24  Marine x2  
  35  5:25  Stimpack  
  35  5:27  Marine  
  39  5:29  Marine  
  39  5:34  SCV  
  41  5:36  Marauder  
  41  5:42  Marine x2  
  45  5:43  Terran Infantry Armor Level 1  
  45  5:46  SCV  
  45  5:48  Engineering Bay, SCV  
  47  5:55  Marine  
  47  5:56  Marauder, Marine  
  51  5:58  SCV  
  51  6:00  SCV  
  53  6:05  Marine x2  
  53  6:06  Marauder  
  57  6:16  Sensor Tower  
  57  6:18  Orbital Command  
  57  6:22  SCV  
  58  6:29  Armory  
  58  6:33  Refinery  
  58  6:34  SCV x2  
  58  6:35  Refinery  
  58  6:38  Refinery  
  58  7:02  Marauder x2, Marine  
  63  7:11  Marine  
  49  7:19  Marine  
  47  7:23  Marauder  
  47  7:24  Marauder  
  47  7:29  Marine  
  48  7:33  SCV  
  49  7:37  Marine  
  49  7:45  Marauder, SCV  
  49  7:47  Marine  
  49  7:50  Marine  
  53  7:55  Marine  
  50  8:07  Barracks  
  50  8:08  Barracks  
Show
View Real Time Build Order
Export as new Build Order

JohnMcClane Protoss - Winner!

Build Orders: Oracle Opening 

Get SALT Encoding   

  12  0:01  Probe (Chrono Boost)  
  13  0:11  Probe (Chrono Boost)  
  14  0:22  Pylon, Probe (Chrono Boost)  
  15  0:40  Probe (Chrono Boost)  
  16  0:45  Gateway  
  16  0:50  Assimilator  
  16  0:51  Probe (Chrono Boost)  
  17  0:58  Assimilator  
  17  1:02  Probe (Chrono Boost)  
  18  1:12  Probe (Chrono Boost)  
  19  1:23  Probe (Chrono Boost)  
  19  1:34  Cybernetics Core  
  19  1:38  Probe (Chrono Boost)  
  20  1:42  Pylon  
  20  1:57  Probe (Chrono Boost)  
  20  1:59  Nexus  
  21  2:11  Warp Gate  
  21  2:15  Stargate  
  21  2:19  Probe (Chrono Boost)  
  22  2:29  Probe (Chrono Boost)  
  23  2:40  Mothership Core (Chrono Boost)  
  23  2:41  Assimilator  
  23  2:42  Gateway  
  26  2:58  Probe (Chrono Boost)  
  26  3:03  Oracle  
  29  3:11  Pylon  
  25  3:42  Probe (Chrono Boost)  
  25  3:43  Probe (Chrono Boost)  
  27  3:53  Probe (Chrono Boost)  
  27  3:54  Gateway  
  28  3:56  Pylon  
  28  4:11  Probe (Chrono Boost)  
  29  4:20  Fleet Beacon  
  29  4:38  Probe (Chrono Boost)  
  29  4:51  Probe x2 (Chrono Boost)  
  31  5:06  Tempest  
  35  5:08  Stargate  
  35  5:09  Pylon  
  35  5:12  Probe (Chrono Boost)  
  36  5:17  Probe (Chrono Boost)  
  37  5:32  Gateway, Probe (Chrono Boost)  
  38  5:36  Probe (Chrono Boost)  
  38  5:41  Assimilator  
  38  5:42  Probe (Chrono Boost)  
  40  5:45  Pylon  
  40  5:52  Tempest  
  44  5:59  Tempest  
  48  6:05  Probe (Chrono Boost)  
  48  6:09  Gateway  
  46  7:11  Tempest  
  50  7:27  Tempest  
  54  7:30  Probe (Chrono Boost)  
  54  7:31  Probe (Chrono Boost)  
  60  8:09  Stalker x4  
Show
View Real Time Build Order
Export as new Build Order

Hindulaatti Zerg - Winner!

Build Orders: Hatch First 

Get SALT Encoding   

  12  0:02  Drone  
  13  0:12  Drone  
  14  0:18  Drone, Extractor  
  15  0:39  Hatchery  
  14  0:47  Drone, Extractor  
  14  0:48  Extractor  
  14  0:50  Drone  
  16  1:07  Spawning Pool  
  16  1:10  Overlord  
  15  1:31  Drone x3  
  18  1:43  Hatchery  
  17  1:48  Drone, Extractor  
  17  1:51  Extractor  
  17  1:53  Drone  
  17  1:58  Drone  
  18  2:03  Drone  
  19  2:15  Drone  
  19  2:16  Drone x2  
  19  2:21  Queen  
  24  2:32  Queen  
  24  2:36  Drone  
  27  2:39  Drone  
  28  2:51  Overlord  
  28  2:58  Roach Warren  
  27  3:03  Drone x2  
  29  3:06  Drone  
  29  3:07  Drone  
  31  3:22  Spine Crawler x2  
  31  3:25  Drone  
  31  3:26  Drone  
  30  3:37  Spine Crawler  
  30  3:40  Roach  
  31  3:43  Roach  
  33  3:51  Roach x2  
  37  4:04  Roach x2  
  41  4:21  Drone  
  41  4:22  Overlord  
  42  4:29  Overlord  
  42  4:35  Overlord  
  42  4:40  Queen  
  42  4:41  Drone  
  42  4:42  Drone x5  
  50  4:50  Lair  
  50  4:56  Drone  
  50  4:57  Drone x3  
  54  5:03  Drone x3  
  57  5:24  Extractor  
  57  5:25  Extractor  
  57  5:26  Extractor  
  57  5:27  Drone x5, Extractor  
  58  5:29  Roach  
  58  5:30  Roach x3  
  58  5:32  Overlord  
  58  5:33  Overlord  
  66  5:41  Evolution Chamber  
  66  5:42  Evolution Chamber  
  64  5:48  Drone  
  64  5:49  Drone  
  66  5:51  Overlord x3  
  66  5:53  Drone  
  66  5:54  Drone  
  68  6:09  Zerg Ground Armor Level 1, Zerg Missile Weapons Level 1  
  68  6:12  Drone  
  68  6:13  Drone x4  
  68  6:14  Drone  
  68  6:15  Drone  
  68  6:17  Roach  
  77  6:20  Roach  
  77  6:22  Roach  
  77  6:24  Ravager x2  
  77  6:25  Ravager x2  
  84  6:29  Ravager  
  86  6:33  Roach  
  86  6:36  Roach  
  86  6:37  Roach  
  92  6:57  Roach  
  92  6:58  Roach x6  
  91  7:34  Roach  
  91  7:35  Roach x8  
Show
View Real Time Build Order
Export as new Build Order

JackONeill Zerg - Winner!

Build Orders: Hatch First 

Get SALT Encoding   

  12  0:01  Drone  
  13  0:08  Drone  
  14  0:16  Overlord  
  14  0:22  Extractor  
  14  0:23  Drone  
  15  0:35  Drone x2  
  17  0:57  Hatchery  
  16  1:06  Extractor  
  16  1:08  Spawning Pool  
  16  1:10  Drone  
  15  1:15  Drone  
  15  1:17  Drone  
  17  1:29  Drone  
  18  1:47  Overlord  
  18  1:50  Drone  
  19  1:55  Queen  
  19  1:58  Drone  
  22  2:08  Metabolic Boost  
  22  2:09  Queen  
  22  2:11  Zergling x4  
  26  2:16  Drone  
  27  2:27  Baneling Nest  
  27  2:29  Zergling x4  
  28  2:39  Zergling x4  
  28  2:43  Overlord  
  30  2:54  Zergling x4  
  31  3:13  Queen  
  31  3:15  Zergling x4  
  34  3:27  Drone  
  34  3:28  Drone x6  
  41  3:46  Drone  
  41  3:47  Drone  
  43  3:48  Overlord  
  43  3:51  Lair  
  43  3:55  Extractor  
  42  3:56  Drone  
  42  4:02  Overlord  
  43  4:06  Overlord  
  43  4:14  Drone x3  
  46  4:38  Drone x4  
  48  4:39  Drone  
  51  4:52  Extractor  
  50  4:53  Drone x3  
  50  4:54  Extractor  
  50  4:55  Drone x2  
  50  4:59  Drone  
  55  5:01  Spore Crawler  
  55  5:06  Drone, Spire  
  54  5:31  Overlord  
  54  5:32  Overlord x2  
  54  5:34  Drone x3  
  57  5:39  Overlord x2  
  57  6:05  Hatchery  
  56  6:14  Baneling x6  
  56  6:15  Baneling x6  
  56  6:16  Baneling x5  
  56  6:19  Mutalisk x5  
  56  6:21  Zergling x8  
  56  6:22  Zergling x2  
  56  6:25  Spore Crawler  
  70  6:30  Drone x2  
  72  6:45  Mutalisk x2  
  72  6:46  Zergling x2  
  77  6:57  Zergling x10  
  77  6:58  Zergling x2  
  65  7:21  Zergling x10  
  65  7:22  Zergling x2  
  65  7:24  Queen  
  65  7:31  Mutalisk x2  
  66  7:39  Zergling x6  
  68  7:46  Mutalisk  
  69  7:57  Drone  
  69  8:00  Extractor  
  69  8:01  Extractor  
Tags
 
Add a new tag
Caveats
  • Supply blocks, unpowered buildings, or Contaminate may cause inaccurate times.
  • Supply counts are checked every 10 seconds.